 Dungeon Crawl Stone Soup version 0.30-a0-711-gf4ac18a38d (webtiles) character file.

Game seed: 4681783034792113582

592511 browni3141 the Sorcerer (level 27, -4/205 HPs)
             Began as a Djinni Fire Elementalist on Jan 22, 2023.
             Was the Champion of Makhleb.
             Killed from afar by a black draconian knight (46 damage)
             ... with a bolt of lightning
             ... on level 3 of the Realm of Zot.
             The game lasted 04:24:32 (77248 turns).

browni3141 the Sorcerer (Djinni Fire Elementalist) Turns: 77248, Time: 04:24:32

Health: -4/205     AC: 21    Str: 18    XL:     27
Gold:   3245       EV: 14    Int: 35    God:    Makhleb [******] SH: 31 Dex: 18

rFire   + + +      SeeInvis .    b - +9 sword of Zonguldrok {reap}
rCold   . . .      Faith    .    G - +6 tower shield of the Gastropod {rN++}
rNeg    + + .      Spirit   .    X - +8 fire dragon scales
rPois   ∞          Reflect  +    o - +2 hat {Will+}
rElec   .          Harm     .    f - +2 cloak {Stlth+}
rCorr   .          Rampage  .    c - +3 pair of gauntlets of War {Slay+5}
Will    ++++.                    (boots unavailable)
Stlth   +                        H - amulet "Pic Too" {Reflect rC++ Int+3 SH+5}
HPRegen 0.54/turn                M - ring "Epuelisk" {Fire Str+5 Int+4 Dex+3}
MPRegen 0.00/turn                R - ring "Ymmiug" {rF- rC+ Will+ Str+2 Int+4}

@: corroded, flying
A: sickness immunity, fire resistance 2, cold vulnerability 1, float, innate
caster, HP casting, extra vitality 1, horns 1, clumsy 1, deformed body
}: 4/15 runes: decaying, slimy, silver, gossamer
a: Renounce Religion, Minor Destruction, Lesser Servant of Makhleb, Major
Destruction, Greater Servant of Makhleb


You were on level 3 of the Realm of Zot.
You worshipped Makhleb.
Makhleb was exalted by your worship.
You visited 13 branches of the dungeon, and saw 55 of its levels.
You visited 1 bazaar.
You also visited: Ice Cave and Wizlab.

You collected 8872 gold pieces.
You spent 5627 gold pieces at shops.

Inventory:

Hand Weapons
 a - a +9 antimagic demon blade
 b - the +9 sword of Zonguldrok (weapon) {reap}
   (You acquired it on level 5 of the Pits of Slime)
Missiles
 r - 5 throwing nets
Armour
 c - the +3 pair of gauntlets of War (worn) {Slay+5}
   (You bought it in a shop in a bazaar)

   Slay:      It affects your accuracy & damage with ranged weapons and melee
   (+5).
 f - a +2 cloak of stealth (worn)
 o - a +2 hat of willpower (worn)
 G - the +6 tower shield of the Gastropod (worn) {rN++}
   (You acquired it on level 3 of the Elven Halls)

   rN:        It greatly protects you from negative energy.
 X - +8 fire dragon scales (worn)
Jewellery
 q - the ring of Xom's Sleight of Hands {rF++ rCorr Int-3 Slay+2 SInv}
   (You took it off a deep elf sorcerer on level 3 of the Elven Halls)

   [ring of see invisible]

   Int:       It affects your intelligence (-3).
   Slay:      It affects your accuracy & damage with ranged weapons and melee
   (+2).
   rF:        It greatly protects you from fire.
   SInv:      It lets you see invisible.
   rCorr:     It protects you from acid and corrosion.
 E - the ring "Efe Uty" {rElec Str+6 Dex+2}
   (You found it on level 2 of the Crypt)

   [ring of strength]

   Str:       It affects your strength (+6).
   Dex:       It affects your dexterity (+2).
   rElec:     It insulates you from electricity.
 H - the amulet "Pic Too" (around neck) {Reflect rC++ Int+3 SH+5}
   (You took it off an orc warrior on level 5 of the Vaults)

   [amulet of reflection]

   It reflects blocked missile attacks.
   Int:       It affects your intelligence (+3).
   rC:        It greatly protects you from cold.
   SH:        It affects your SH (+5).
 J - the ring of Cynicism {rC++ rN+ Str+3 Stlth-}
   (You took it off a skeletal warrior on level 3 of the Crypt)

   [ring of positive energy]

   Str:       It affects your strength (+3).
   rC:        It greatly protects you from cold.
   rN:        It protects you from negative energy.
   Stlth:     It makes you less stealthy.
 M - the ring "Epuelisk" (left hand) {Fire Str+5 Int+4 Dex+3}
   (You took it off a tengu reaver on level 5 of the Vaults)

   [ring of fire]

   It enhances your fire magic.
   Str:       It affects your strength (+5).
   Int:       It affects your intelligence (+4).
   Dex:       It affects your dexterity (+3).
   rF:        It protects you from fire.
   rC:        It makes you vulnerable to cold.
 P - an amulet of regeneration
 R - the ring "Ymmiug" (right hand) {rF- rC+ Will+ Str+2 Int+4}
   (You found it in an ice cave)

   [ring of willpower]

   Str:       It affects your strength (+2).
   Int:       It affects your intelligence (+4).
   rF:        It makes you vulnerable to fire.
   rC:        It protects you from cold.
   Will:      It increases your willpower.
Wands
 l - a wand of flame (93)
 w - a wand of digging (18)
 x - a wand of light (7)
 y - a wand of roots (60)
 K - a wand of charming (68)
 O - a wand of polymorph (9)
Scrolls
 s - 10 scrolls of immolation
 t - 2 scrolls of silence
 u - 8 scrolls of magic mapping
 z - 5 scrolls of summoning
 B - 3 scrolls of blinking
 C - 4 scrolls of enchant weapon
 D - 5 scrolls of fear
 F - 18 scrolls of fog
 L - a scroll of brand weapon
 S - 12 scrolls of vulnerability
 U - 5 scrolls of poison
 Y - 23 scrolls of teleportation
Potions
 d - 3 potions of resistance
 e - 4 potions of might
 g - 15 potions of attraction
 h - 9 potions of magic
 i - 34 potions of curing
 j - 4 potions of haste
 m - 8 potions of invisibility
 n - 6 potions of cancellation
 p - 5 potions of heal wounds
 v - 7 potions of mutation
 A - 4 potions of berserk rage
 I - 9 potions of brilliance
 N - 25 potions of ambrosia
 Q - 7 potions of flight
 Z - 16 potions of lignification
Miscellaneous
 k - a phial of floods
 T - a phantom mirror
 V - a tin of tremorstones (2/2)
 W - a condenser vane


   Skills:
 - Level 20.0 Fighting
 - Level 16.0 Long Blades
 - Level 19.0 Armour
 - Level 12.0 Dodging
 - Level 1.5 Stealth
 - Level 16.0 Shields
 * Level 22.6 Spellcasting
 - Level 16.0 Invocations
 - Level 6.0 Evocations


You couldn't memorise any spells.
You knew the following spells:

 Your Spells              Type           Power      Damage    Failure   Level
a - Foxfire               Conj/Fire      100%       2x1d9     0%          1
b - Scorch                Fire           100%       2d10      0%          2
c - Kindle Blastsparks    Fire/Tloc/Air  100%       2d18      0%          3
d - Inner Flame           Hex/Fire       100%       N/A       0%          3
e - Flame Wave            Conj/Fire      100%       2d21      0%          4
f - Apportation           Tloc           100%       N/A       0%          1
g - Lesser Beckoning      Tloc           100%       N/A       0%          2
h - Searing Ray           Conj           100%       2d8       0%          2
i - Sticky Flame          Conj/Fire      100%       2d11      0%          4
j - Passage of Golubria   Tloc           100%       N/A       0%          4
k - Agony                 Necr           100%       N/A       0%          5
l - Starburst             Conj/Fire      69%        6d18      1%          6
m - Summon Hydra          Summ           57%        N/A       1%          7
n - Spellforged Servitor  Conj/Summ      57%        N/A       1%          7
o - Enfeeble              Hex            57%        N/A       1%          7
p - Dragon Form           Tmut           57%        N/A       1%          7
q - Maxwell's Capacitive  Air            57%        ∞         3%          8
r - Death's Door          Necr           57%        N/A       43%         9
Your spell library was empty.

Dungeon Overview and Level Annotations

Branches:
Dungeon (15/15)            Temple (1/1) D:7            Lair (5/5) D:10
  Swamp (4/4) Lair:3       Spider (4/4) Lair:2        Slime (5/5) Lair:5
    Orc (2/2) D:9             Elf (3/3) Orc:2        Vaults (5/5) D:13
  Crypt (3/3) Vaults:2       Tomb (1/3) Crypt:3      Depths (4/4) D:15
    Zot (3/5) Depths:4      IceCv (visited)          WizLab (visited)

Altars:
Ashenzari
Cheibriados
Dithmenos
Elyvilon
Fedhas
Gozag
Hepliaklqana
Makhleb
Nemelex Xobeh
Okawaru
Qazlal
Ru
Trog
Uskayaw
Wu Jian
Xom
Yredelemnul
Zin
The Shining One
Jiyva
Lugonu

Shops:
D:4 :   D:13 *!   Orc:2 :(?*   Elf:3 :?[?[   Vaults:1 *   Depths:2 ?
Depths:3 *

Portals:
Hell: Depths:1 Depths:2 Depths:3 Depths:4
Abyss: Depths:3* Depths:4
Pandemonium: Orc:2 Depths:1 Depths:2
Ziggurat: Depths:3
Trove: Vaults:1 (give 15 potions of curing)

Annotations:
D:7 Joseph
D:12 1 runed translucent door, tkbsonic5's ghost, journeyman HOCA
D:14 exclusions: 3 fire elementals, hell hound and hydra, Azrael
Spider:3 3 runed translucent doors, exclusion: 3 doors, Gifaivo's ghost, journeyman DECj; KennySheep's ghost, journeyman MeWn; Likim's ghost, adept KoMo; Pesouf's ghost, adept MfHs; Roypn's ghost, adept AtBe
Orc:2 3 runed translucent doors, OTABOTABOTAB's ghost, journeyman GrEE


Innate Abilities, Weirdness & Mutations

You are immune to sickness and miasma.
You are immune to poison.
Your flesh is very heat resistant. (rF++)
You are vulnerable to cold. (rC-)
You float through the air rather than walking.
You learn spells naturally, not from books.
Your magical power is your life essence.
You have superior vitality. (+4 MHP)
You have a pair of small horns on your head.
You are clumsy. (Dex -2)
Armour fits poorly on your strangely shaped body.


Message History

Confirm with . or Enter, or press ? or * to list all spells.
A 12-headed hydra appears.
A black draconian comes into view. It is wielding a +0 halberd.
Your 12-headed hydra bites the black draconian knight but does no damage.
Your 12-headed hydra bites the black draconian knight.
Your 12-headed hydra bites the black draconian knight but does no damage. x3
Your 12-headed hydra completely misses the black draconian knight.
Your 12-headed hydra closely misses the black draconian knight.
Your 12-headed hydra misses the black draconian knight.
Your 12-headed hydra barely misses the black draconian knight.
Your 12-headed hydra bites the black draconian knight.
Your 12-headed hydra barely misses the black draconian knight.
Your 12-headed hydra closely misses the black draconian knight.
The black draconian knight breathes lightning at you.
The bolt of lightning hits your four-headed hydra!!!
The bolt of lightning hits you!! x2
The black draconian knight gestures wildly while chanting.
The black draconian knight flickers and vanishes!
Deactivating autopickup; reactivate with Ctrl-A.
Your four-headed hydra bites the black draconian knight but does no damage.
Your four-headed hydra bites the black draconian knight.
Your four-headed hydra misses the black draconian knight.
Your four-headed hydra closely misses the black draconian knight.
Casting: Summon Hydra (mildly dangerous; 1% risk of failure)
Confirm with . or Enter, or press ? or * to list all spells.
Aiming: Passage of Golubria (safe; 0% risk of failure)
Press: ? - help, Dir - move target The Orb disrupts the stability of your passage!
A moth of wrath comes into view.
A bolt of lightning appears from out of thin air!
The bolt of lightning hits your four-headed hydra!!
Your four-headed hydra dies!
Your four-headed hydra's corpse disappears in a puff of smoke!
The bolt of lightning hits you!!!
* * * LOW HITPOINT WARNING * * *
You feel much better.
A bolt of lightning appears from out of thin air!
The bolt of lightning hits your 12-headed hydra!!
The bolt of lightning hits you!!!
You die...

#..# #.. ##..........# #..#
#..# ##...#......# #..#
#...###...######### #..#
#...#...## #..# #^....##
#..## ##...## #...## ##..y##
##...## ##...^.############..
##...##
##....@.......<.......
##...###..D#.#..............#
##...{..§q....d.##..########
##.q##########.##..#
#.)#.q......#.##..#
#))#.q......#.##..#
##q#.##''##.#.##..# #.q.
q..#.'.##..# #.'. ..:#.'.
....


You could see a black draconian knight (catching breath), a black draconian, a
moth of wrath and a friendly 12-headed hydra (summoned).

Vanquished Creatures
  the Royal Jelly (Slime:5)
  2 ancient liches
  2 juggernauts
  Sojobo (Depths:4)
  Bai Suzhen (Swamp:3)
  The ghost of Zievuyg the Executioner, an adept MiFi of the Shining One (Crypt:2)
  9 golden dragons
  An electric golem (Zot:2)
  5 tentacled monstrosities
  Rupert (Orc:2)
  A walking frostbound tome (Depths:3)
  2 deep elf master archers (Elf:3)
  A lich (Depths:3)
  A deep elf blademaster (Elf:2)
  4 ancient champions
  6 acid blobs (Slime:5)
  A death cob (Zot:3)
  2 titans
  2 sphinxes
  4 quicksilver dragons
  Agnes (Elf:1)
  Gastronok (Lair:1)
  5 rockslimes
  6 tengu reavers
  2 revenants
  5 shadow dragons
  2 draconian monks
  3 draconian knights
  8 storm dragons
  7 azure jellies
  4 fire giants
  5 vault wardens
  An iron dragon (Vaults:5)
  4 frost giants
  A draconian scorcher (Zot:3)
  2 deep elf sorcerers (Elf:3)
  2 curse skulls (Crypt:3)
  4 ghost moths
  2 ghouls (Crypt:2)
  An orc warlord (Vaults:1)
  5 deep elf elementalists (Elf:3)
  A broodmother (Spider:1)
  A draconian stormcaller (Depths:4)
  3 war gargoyles
  11 very ugly things
  2 draconian annihilators
  5 quicksilver oozes (Slime:5)
  3 vampire knights
  5 ironbound preservers
  2 grey draconians (Depths:4)
  6 stone giants
  6 green draconians
  2 eleionomae (Swamp:4)
  5 black draconians
  4 deep elf demonologists
  8 deep elf annihilators (Elf:3)
  A bunyip (Swamp:2)
  3 purple draconians
  6 white draconians
  5 dire elephants
  2 red draconians
  3 yellow draconians
  7 ettins
  A blizzard demon (Depths:1)
  6 deep elf death magi
  2 mummy priests (Tomb:1)
  2 eidola
  A green death (Depths:2)
  5 deep elf high priests
  2 fire dragons
  7 jiangshi
  Josephine (Orc:1)
  7 yaktaur captains
  A fenstrider witch zombie (Crypt:1)
  2 entropy weavers
  3 great orbs of eyes
  29 vault guards
  A spriggan zombie (Crypt:3)
  5 ice dragons
  A demonspawn (Orc:2)
  2 peacekeepers
  A rakshasa (Depths:3)
  9 hydras
  4 catoblepae (Lair:5)
  3 spriggan air magi
  A radroach (Spider:2)
  5 boulder beetles
  The ghost of gebbletook2 the Blocker, a journeyman VSFi of Sif Muna (Orc:1)
  4 death knights
  2 ghost crabs
  An Orb Guardian skeleton (Crypt:3)
  6 ironbound frosthearts
  2 alligators (Swamp:2)
  11 centaur warriors
  18 dancing weapons
  2 ogre magi
  Erica (Lair:2)
  9 two-headed ogres
  A deep troll shaman (Depths:2)
  A fenstrider witch skeleton (Crypt:3)
  2 deep troll earth magi (Depths:2)
  6 orc high priests (Orc:2)
  11 death yaks
  Urug (Lair:1)
  8 death scarabs (Tomb:1)
  3 spriggan berserkers
  A shock serpent (shapeshifter) (D:15)
  3 tengu warriors
  5 vampire magi
  A soul eater (Crypt:3)
  5 spriggans
  22 deep elf knights
  4 hell knights (Depths:3)
  2 pharaoh ants (Spider:1)
  A shadow wraith (Crypt:2)
  6 skeletal warriors
  2 iron trolls
  4 goliath frogs
  8 deep trolls
  12 deep elf archers
  3 bog bodies
  3 spriggan druids
  6 lindwurms
  4 orb spiders
  Pikel (D:7)
  5 swamp dragons
  2 glowing orange brains
  12 orc knights
  6 necromancers
  3 flayed ghosts
  9 wizards
  16 nameless horrors
  7 ironbound convokers
  4 phantasmal warriors
  A steelbarb worm (shapeshifter) (Elf:3)
  31 deep elf zephyrmancers
  12 deep elf pyromancers
  9 wolf spiders
  8 orc sorcerers
  5 steelbarb worms
  A will-o-the-wisp (Swamp:4)
  6 cyclopes
  3 mana vipers (WizLab)
  10 manticores
  A stone giant zombie (Crypt:3)
  A stone giant skeleton (Vaults:1)
  23 ugly things
  A cyclops (shapeshifter) (Depths:3)
  An eleionoma zombie (Crypt:2)
  21 moths of wrath
  38 slime creatures
  A fire giant skeleton (Crypt:1)
  2 eyes of devastation
  10 vault sentinels
  A human skeleton (Vaults:1)
  2 black mambas
  3 ice statues
  6 elephants (Lair:3)
  3 torpor snails
  A guardian serpent (shapeshifter) (Vaults:5)
  Maurice (D:8)
  A rust devil (Depths:1)
  15 cane toads
  Maggie (D:7)
  6 demonic crawlers
  A naga skeleton (Crypt:2)
  An alligator snapping turtle zombie (Crypt:2)
  5 rime drakes
  17 yaktaurs
  An unseen horror (D:10)
  A mana viper zombie (Crypt:3)
  3 freezing wraiths
  A dire elephant skeleton (Crypt:2)
  An ice devil (Depths:2)
  3 tengu conjurers
  13 guardian mummies
  5 komodo dragons
  A pale draconian zombie (Crypt:3)
  A red devil (Depths:2)
  2 harpy zombies
  A queen bee (Lair:5)
  2 merfolk
  A polar bear (shapeshifter) (Vaults:5)
  15 trolls
  6 meliai
  4 tyrant leeches
  A burning bush (Lair:4)
  5 hornets
  19 tarantellas
  4 blink frogs (Lair:2)
  A hydra skeleton (Crypt:2)
  A fire dragon zombie (Tomb:1)
  7 dream sheep (Lair:4)
  21 jumping spiders
  Sigmund (D:2)
  7 flying skulls
  A black mamba zombie (Crypt:1)
  A shadow (D:9)
  2 air elementals
  6 culicivoras
  62 yaks
  An ushabti (Tomb:1)
  A vampire (D:11)
  A water elemental (Elf:1)
  10 wraiths
  9 wyverns
  A ynoxinul (Orc:2)
  6 basilisks
  25 redbacks
  4 golden eyes (Slime:5)
  Grum (D:8)
  A death yak simulacrum (Lair:2)
  4 fire elementals
  2 chaos spawn
  A neqoxec (Orc:2)
  A steam dragon (Swamp:4)
  10 vampire mosquitoes
  A fire bat zombie (Crypt:3)
  A naga zombie (Tomb:1)
  A water nymph zombie (Crypt:3)
  A harpy simulacrum (Crypt:3)
  4 wargs
  3 acid dragons
  7 swamp worms
  8 water moccasins
  A floating eye (Depths:4)
  38 orc warriors
  2 sky beasts
  8 black bears (D:8)
  7 ogres
  A lindwurm zombie (Crypt:1)
  A centaur (shapeshifter) (Depths:3)
  21 wolves
  5 centaurs
  3 lemures (D:7)
  2 kobold brigands
  11 bullfrogs
  2 necrophages
  An earth elemental (Elf:3)
  3 gnoll sergeants
  7 scorpions
  4 wights
  21 killer bees
  2 lindwurm simulacra (IceCv)
  15 electric eels
  9 howler monkeys
  2 lava snakes (Swamp:4)
  9 komodo dragon simulacra (IceCv)
  4 hounds
  4 gnoll boudas
  30 orc priests
  A jelly (D:5)
  2 iguanas
  Jessica (D:2)
  21 orc wizards
  7 hell rats (Lair:3)
  2 polar bear simulacra (Lair:2)
  12 mummies (Tomb:1)
  Robin (D:2)
  22 gnolls
  4 acid dragon simulacra (IceCv)
  6 adders
  11 river rats (Lair:3)
  A swamp drake zombie (Crypt:3)
  2 shadow imps (D:5)
  5 white imps
  2 ufetubi
  6 steam dragon simulacra (IceCv)
  A jelly zombie (Crypt:1)
  4 worms
  7 dart slugs
  83 orcs
  10 ball pythons
  5 bats
  8 endoplasms
  6 giant cockroaches
  22 goblins
  12 hobgoblins
  8 jackals
  15 quokkas
  A frilled lizard (D:1)
  A frilled lizard zombie (Crypt:3)
  A gnoll skeleton (Crypt:1)
  16 kobolds
  A quokka skeleton (Crypt:1)
  13 rats
  3 bushes
  A butterfly (Lair:1)
1648 creatures vanquished.

Vanquished Creatures (collateral kills)
  A dread lich (Vaults:5)
  An ancient lich (Crypt:2)
  A royal mummy (Tomb:1)
  Frederick (Vaults:3)
  Head Instructor (WizLab)
  A caustic shrike (Depths:3)
  A curse toe (Crypt:3)
  The ghost of Zievuyg the Executioner, an adept MiFi of the Shining One (Crypt:2)
  2 golden dragons
  Nikola (Spider:4)
  A bone dragon (Crypt:2)
  An electric golem (Zot:1)
  A walking crystal tome (Depths:4)
  4 tentacled monstrosities
  A titan (Vaults:5)
  5 liches
  2 deep elf blademasters (Elf:3)
  A walking earthen tome (Depths:2)
  A walking divine tome (Depths:2)
  A quicksilver dragon (WizLab)
  12 acid blobs
  4 death cobs
  A thorn hunter (Swamp:3)
  3 ancient champions
  Donald (Swamp:1)
  The ghost of tkbsonic5 the Warrior, an adept HOMo of Gozag (Swamp:3)
  10 sphinxes
  2 fenstrider witches
  3 shadow dragons
  3 storm dragons
  5 tengu reavers
  3 azure jellies
  8 rockslimes
  2 iron dragons
  3 frost giants
  2 emperor scorpions (Spider:4)
  4 deep elf sorcerers (Elf:3)
  4 fire giants
  The ghost of whiskeysaurus the Devastator, a journeyman DrCj of Hepliaklqana (Swamp:4)
  5 deep elf elementalists (Elf:3)
  A draconian scorcher (Zot:1)
  A juggernaut zombie (Crypt:1)
  5 vault wardens
  A draconian annihilator (Zot:1)
  6 ghouls
  3 ghost moths
  2 war gargoyles
  2 orc warlords
  5 quicksilver oozes (Slime:5)
  13 ironbound preservers
  A draconian shifter (Zot:2)
  A broodmother (Spider:4)
  12 very ugly things
  2 vampire knights
  10 stone giants
  A green draconian (Zot:1)
  2 ironbound thunderhulks
  A red draconian (Zot:1)
  4 dire elephants
  2 purple draconians
  7 eleionomae
  2 bennus (Tomb:1)
  2 spark wasps
  A white draconian (Zot:1)
  5 ettins
  4 deep elf death magi
  7 mummy priests
  A crystal guardian (Vaults:3)
  7 fire dragons
  A deep elf high priest (Elf:3)
  3 entropy weavers
  3 jiangshi
  5 great orbs of eyes
  2 ice dragons
  6 yaktaur captains
  3 rakshasas
  9 hydras
  2 ogre magi
  5 vault guards (Vaults:3)
  4 spriggan air magi
  6 ironbound frosthearts
  A ghost crab (Swamp:4)
  A peacekeeper (Vaults:3)
  2 radroaches
  2 alligators
  2 centaur warriors (Vaults:1)
  A tengu warrior (Depths:1)
  10 dancing weapons
  A deep troll earth mage (Depths:2)
  13 death scarabs (Tomb:1)
  3 deep troll shamans
  3 spriggan berserkers
  4 vampire magi
  7 hell knights (Depths:3)
  A soul eater (Crypt:2)
  A fire crab (Swamp:4)
  4 skeletal warriors
  3 pharaoh ants
  4 sun moths
  2 iron trolls (Depths:2)
  8 goliath frogs
  8 swamp dragons
  2 spriggan druids
  2 glowing orange brains
  6 wizards
  6 ironbound convokers
  44 deep trolls
  An orc knight (Vaults:5)
  2 bog bodies
  6 orb spiders
  A necromancer (Vaults:3)
  3 phantasmal warriors
  7 lindwurms
  2 steelbarb worms
  8 wolf spiders
  2 deep elf pyromancers (Elf:2)
  4 mana vipers (WizLab)
  4 deep elf zephyrmancers
  3 moths of wrath
  25 ugly things
  2 will-o-the-wisps (Swamp:1)
  3 shining eyes
  14 vault sentinels
  A demonic crawler (Spider:2)
  A dire elephant zombie (Crypt:1)
  A molten gargoyle (Depths:3)
  A catoblepas zombie (Crypt:2)
  13 yaktaurs
  A hellion (Zot:2)
  4 freezing wraiths
  4 tyrant leeches
  6 hornets
  2 harpy skeletons
  2 nameless horrors
  14 tarantellas
  An elf zombie (Vaults:3)
  16 jumping spiders
  A stone giant simulacrum (Vaults:3)
  35 slime creatures
  3 spriggans
  An elf simulacrum (Vaults:3)
  13 culicivoras
  An ushabti (Tomb:1)
  A water elemental (Elf:2)
  A basilisk (Lair:1)
  17 redbacks
  A tyrant leech zombie (Crypt:2)
  4 wraiths
  A steam dragon (Swamp:4)
  A neqoxec (Depths:2)
  2 golden eyes (Slime:5)
  2 vampire mosquitoes (Swamp:1)
  A chaos spawn (Depths:1)
  A glowing shapeshifter zombie (Vaults:1)
  An elf skeleton (Vaults:3)
  An ogre zombie (Vaults:1)
  4 swamp worms
  12 swamp drakes (Swamp:4)
  A cane toad zombie (Crypt:2)
  A manticore skeleton (Crypt:2)
  A komodo dragon zombie (Crypt:2)
  A necrophage (Crypt:2)
  A yaktaur skeleton (Crypt:3)
  4 earth elementals
  A warg skeleton (Crypt:2)
  A tengu zombie (Crypt:2)
  A hound zombie (Crypt:2)
  4 mummies (Tomb:1)
  44 foxfires
725 creatures vanquished.

Vanquished Creatures (others)
  A fire giant (Depths:2)
  A draconian scorcher (Depths:4)
  A quicksilver dragon zombie (Zot:1)
  A very ugly thing zombie (Depths:1)
  2 ghost moth zombies
  A wizard (Vaults:4)
  A lindwurm (shapeshifter) (Depths:4)
  A deep elf zephyrmancer (Elf:2)
  A deep elf pyromancer (Elf:1)
  2 fire giant zombies
  2 stone giant zombies
  A moth of wrath (Zot:1)
  A green draconian zombie (Zot:2)
  A purple draconian zombie (Zot:2)
  A rime drake (IceCv)
  A red draconian zombie (Zot:1)
  3 bloated husks
  6 moth of wrath zombies
  A deep troll zombie (Depths:1)
  An ettin zombie (Depths:1)
  An air elemental (Elf:1)
  A culicivora (Spider:3)
  A swamp worm (Swamp:3)
  A bush (Lair:2)
  3285 foxfires
  16 fungi
  101 plants
3436 creatures vanquished.

Grand Total: 5809 creatures vanquished

Notes
Turn   | Place    | Note
-------+----------+-------------------------------------------
     0 | D:1      | browni3141 the Djinni Fire Elementalist began the quest for
                  | the Orb.
     0 | D:1      | browni3141 set off with the following spells memorised:
                  | Foxfire, Scorch, Kindle Blastsparks, Inner Flame, Flame
                  | Wave.
     0 | D:1      | Reached XP level 1. HP: 15/15 MP: 0/0
   224 | D:1      | Reached XP level 2. HP: 19/21 MP: 0/0
   342 | D:1      | Reached skill level 3 in Spellcasting
   434 | D:1      | Reached skill level 1 in Fighting
   434 | D:1      | Reached XP level 3. HP: 24/27 MP: 0/0
   434 | D:1      | Learned a level 1 spell: Apportation
  1174 | D:2      | Noticed Jessica
  1180 | D:2      | Killed Jessica
  1181 | D:2      | Reached XP level 4. HP: 27/33 MP: 0/0
  1204 | D:2      | Noticed Sigmund
  1439 | D:2      | Killed Sigmund
  1440 | D:2      | Reached skill level 4 in Spellcasting
  1440 | D:2      | Reached XP level 5. HP: 5/38 MP: 0/0
  1440 | D:2      | Learned a level 2 spell: Lesser Beckoning
  1440 | D:2      | Reached XP level 6. HP: 5/43 MP: 0/0
  1636 | D:2      | Noticed Robin
  1646 | D:2      | Killed Robin
  1753 | D:2      | Reached skill level 5 in Spellcasting
  2253 | D:3      | Found a snail-covered altar of Cheibriados.
  2702 | D:3      | Reached XP level 7. HP: 32/49 MP: 0/0
  2702 | D:3      | Learned a level 2 spell: Searing Ray
  2987 | D:4      | Reached skill level 1 in Shields
  3018 | D:4      | Found a stormy altar of Qazlal.
  3045 | D:4      | Found Xahaont's Book Boutique.
  3481 | D:4      | Found a shadowy altar of Dithmenos.
  3768 | D:4      | Reached skill level 6 in Spellcasting
  3776 | D:4      | Reached XP level 8. HP: 36/54 MP: 0/0
  3882 | D:5      | Entered Level 5 of the Dungeon
  4321 | D:5      | Reached skill level 5 in Shields
  5055 | D:6      | Reached skill level 5 in Fighting
  5145 | D:6      | Reached XP level 9. HP: 53/65 MP: 0/0
  5145 | D:6      | Learned a level 4 spell: Sticky Flame
  5401 | D:6      | Found an opulent altar of Gozag.
  5759 | D:7      | Found a staircase to the Ecumenical Temple.
  5772 | D:7      | Noticed Maggie
  5788 | D:7      | Killed Maggie
  5789 | D:7      | Reached skill level 7 in Spellcasting
  5820 | Temple   | Entered the Ecumenical Temple
  6386 | D:7      | Noticed Joseph
  6470 | D:7      | Noticed Pikel
  6477 | D:7      | Killed Pikel
  6478 | D:7      | Reached skill level 8 in Spellcasting
  7033 | D:8      | Reached XP level 10. HP: 66/72 MP: 0/0
  7424 | D:7      | Found a staircase to the Ecumenical Temple.
  8757 | D:8      | Noticed Grum
  8772 | D:8      | Killed Grum
  9127 | D:8      | Found a white marble altar of Elyvilon.
  9259 | D:8      | Reached skill level 9 in Spellcasting
  9505 | D:8      | Noticed Maurice
  9511 | D:8      | Killed Maurice
  9513 | D:8      | Reached XP level 11. HP: 65/79 MP: 0/0
  9513 | D:8      | Learned a level 4 spell: Passage of Golubria
  9542 | D:8      | Reached skill level 10 in Spellcasting
  9642 | D:8      | Noticed a two-headed ogre
  9834 | D:8      | Noticed a manticore
 10157 | D:9      | Found a white marble altar of Elyvilon.
 10565 | D:9      | Found a staircase to the Orcish Mines.
 11542 | D:8      | Killed a two-headed ogre
 12130 | D:8      | Killed a manticore
 12175 | D:8      | Noticed a two-headed ogre
 12233 | D:8      | Killed a two-headed ogre
 12234 | D:8      | Reached XP level 12. HP: 89/89 MP: 0/0
 12349 | D:10     | Entered Level 10 of the Dungeon
 12424 | D:10     | Reached skill level 11 in Spellcasting
 12787 | D:10     | Found a staircase to the Lair.
 13140 | D:10     | Reached skill level 12 in Spellcasting
 13177 | D:10     | Found a burning altar of Makhleb.
 13240 | D:10     | Became a worshipper of Makhleb the Destroyer
 14039 | D:11     | Noticed a two-headed ogre
 14111 | D:11     | Killed a two-headed ogre
 14183 | D:11     | Noticed a boulder beetle
 14647 | D:11     | Killed a boulder beetle
 14872 | Orc:1    | Entered Level 1 of the Orcish Mines
 14882 | Orc:1    | Reached skill level 10 in Fighting
 14882 | Orc:1    | Reached XP level 13. HP: 96/96 MP: 0/0
 14882 | Orc:1    | Learned a level 5 spell: Agony
 14895 | D:9      | Reached skill level 10 in Shields
 14970 | Orc:1    | Reached * piety under Makhleb
 15067 | Orc:1    | Noticed Josephine
 15077 | Orc:1    | Killed Josephine
 15227 | Orc:1    | Found a runed translucent gate.
 15227 | Orc:1    | Noticed gebbletook2's ghost (journeyman VSFi)
 15228 | Orc:1    | Found a runed translucent gate.
 15230 | Orc:1    | Found a runed translucent gate.
 15533 | Orc:2    | Entered Level 2 of the Orcish Mines
 15838 | Orc:2    | Noticed Rupert
 15844 | Orc:2    | Paralysed by Rupert for 3 turns
 15928 | Lair:1   | Entered Level 1 of the Lair of Beasts
 16019 | Lair:1   | Reached ** piety under Makhleb
 16037 | Lair:1   | Reached skill level 1 in Armour
 16719 | Lair:1   | Noticed Urug
 16732 | Lair:1   | Killed Urug
 17141 | Lair:2   | Noticed Gastronok
 17149 | Lair:1   | Killed Gastronok
 17150 | Lair:1   | Reached skill level 5 in Armour
 17275 | Lair:2   | Found a frozen archway.
 17381 | IceCv    | Entered an ice cave
 17808 | IceCv    | Reached *** piety under Makhleb
 17809 | IceCv    | Noticed an ice dragon
 17819 | IceCv    | Killed an ice dragon
 17873 | IceCv    | Identified the ring "Ymmiug" {rF- rC+ Will+ Str+2 Int+4}
 18062 | Lair:2   | Noticed a seven-headed hydra
 18094 | Lair:2   | Killed a seven-headed hydra
 18095 | Lair:2   | Reached XP level 14. HP: 103/105 MP: 0/0
 18196 | Lair:2   | Reached skill level 13 in Spellcasting
 18313 | Lair:2   | Noticed Erica
 18321 | Lair:2   | Killed Erica
 18606 | Lair:2   | Reached **** piety under Makhleb
 18880 | Lair:2   | Found a hole to the Spider Nest.
 19456 | Lair:3   | Reached skill level 14 in Spellcasting
 20302 | Lair:3   | Reached ***** piety under Makhleb
 20741 | Lair:3   | Found a staircase to the Swamp.
 21829 | Lair:5   | Entered Level 5 of the Lair of Beasts
 22132 | Lair:5   | Reached XP level 15. HP: 104/112 MP: 0/0
 22132 | Lair:5   | Learned a level 6 spell: Starburst
 22459 | Lair:5   | Found a staircase to the Slime Pits.
 23851 | Orc:1    | Killed gebbletook2's ghost
 24145 | Orc:2    | Found a runed translucent gate.
 24145 | Orc:2    | Found a runed translucent gate.
 24145 | Orc:2    | Found a runed translucent gate.
 24145 | Orc:2    | Noticed OTABOTABOTAB's ghost (journeyman GrEE)
 24690 | Orc:2    | Found Zimall's Magic Scroll Emporium.
 24709 | Orc:2    | Found Ciopog's General Store.
 24972 | Orc:2    | Gained mutation: You sometimes lose your temper in combat.
                  | [a neqoxec]
 25271 | Orc:2    | Reached ****** piety under Makhleb
 25994 | Orc:2    | Found Gylef's Book Boutique.
 25994 | Orc:2    | Found a one-way gate leading to the halls of Pandemonium.
 25994 | Orc:2    | Found Vasost's Antique Weapon Shop.
 26054 | Orc:2    | Found a staircase to the Elven Halls.
 26427 | Orc:2    | Found a staircase to the Elven Halls.
 26534 | Orc:2    | Killed Rupert
 26680 | Orc:2    | Found Zimall's Magic Scroll Emporium.
 26683 | Orc:2    | Found Ciopog's General Store.
 26713 | Orc:2    | Found Gylef's Book Boutique.
 26713 | Orc:2    | Found Vasost's Antique Weapon Shop.
 26714 | Orc:2    | Found a one-way gate leading to the halls of Pandemonium.
 27097 | Orc:2    | Found a staircase to the Elven Halls.
 27212 | Orc:2    | Found Zimall's Magic Scroll Emporium.
 27215 | Orc:2    | Found Ciopog's General Store.
 27318 | Orc:2    | Found Vasost's Antique Weapon Shop.
 27318 | Orc:2    | Found Gylef's Book Boutique.
 27319 | Orc:2    | Found a one-way gate leading to the halls of Pandemonium.
 27668 | D:12     | Reached XP level 16. HP: 121/121 MP: 0/0
 27675 | D:12     | Found a runed translucent door.
 27676 | D:12     | Noticed tkbsonic5's ghost (journeyman HOCA)
 27816 | D:12     | Reached skill level 15 in Spellcasting
 28363 | D:13     | Found a gateway to a bazaar.
 28533 | D:13     | Found Kurum's Assorted Antiques.
 28543 | D:13     | Bought a potion of haste for 220 gold pieces
 28616 | D:13     | Found Owafipit's Distillery.
 29173 | D:13     | Found a gate to the Vaults.
 29439 | D:14     | Noticed Azrael
 29643 | D:14     | Identified the +3 ring mail of the Stag {Stlth+}
 30607 | Bazaar   | Entered a bazaar
 30611 | Bazaar   | Found Ruthynib's Armour Boutique.
 30633 | Bazaar   | Found Guuv's Antique Weapon Emporium.
 30654 | Bazaar   | Found Perepios's Book Boutique.
 30674 | Bazaar   | Found Ystil's Antique Armour Shoppe.
 30716 | Bazaar   | Bought the +3 pair of gauntlets of War {Slay+5} for 1567
                  | gold pieces
 30716 | Bazaar   | Found the +3 pair of gauntlets of War {Slay+5}
 30726 | Bazaar   | Bought an embroidered cloak for 247 gold pieces
 30833 | D:15     | Entered Level 15 of the Dungeon
 31156 | D:15     | Reached skill level 16 in Spellcasting
 31450 | D:15     | Found a staircase to the Depths.
 31768 | Elf:1    | Entered Level 1 of the Elven Halls
 31768 | Elf:1    | You are sucked into a shaft and drop 1 floor!
 31802 | Elf:2    | Paralysed by an air elemental for 1 turns
 31892 | Elf:2    | Reached XP level 17. HP: 95/128 MP: 0/0
 31892 | Elf:2    | Learned a level 7 spell: Summon Hydra
 32251 | Elf:2    | Found a runed translucent gate.
 32251 | Elf:2    | Found a runed translucent gate.
 32261 | Elf:2    | Found a runed translucent gate.
 32555 | Elf:1    | Noticed Agnes
 32571 | Elf:1    | Killed Agnes
 32601 | Elf:1    | HP: 6/130 [deep elf archer/arrow (21)]
 33388 | Elf:1    | Reached skill level 15 in Fighting
 33388 | Elf:1    | Reached skill level 15 in Shields
 33548 | Elf:3    | Entered Level 3 of the Elven Halls
 33674 | Elf:3    | Found Cenwis's Book Emporium.
 33794 | Elf:3    | Found Owninohio's Magic Scroll Emporium.
 33795 | Elf:3    | Found Bicrom's Armour Emporium.
 33795 | Elf:3    | Found Qeuni's Magic Scroll Shoppe.
 33813 | Elf:3    | Noticed a Brimstone Fiend
 33853 | Elf:3    | Found Gudec's Antique Armour Shoppe.
 34339 | Elf:3    | Bought a manual of Spellcasting for 1120 gold pieces
 34956 | Elf:3    | Noticed a deep elf blademaster
 34971 | Elf:3    | Killed a deep elf blademaster
 34972 | Elf:3    | Reached XP level 18. HP: 109/138 MP: 0/0
 35103 | Elf:3    | Identified the +9 glaive of the Puffin {freeze, Str+3}
 35103 | Elf:3    | Identified the ring of Xom's Sleight of Hands {rF++ rCorr
                  | Int-3 Slay+2 SInv}
 35158 | Elf:3    | Identified the +1 dagger "Zysm" {flame, Drain +Blink Str+3
                  | Int+4}
 35168 | Elf:3    | Reached skill level 10 in Armour
 35249 | Elf:3    | Reached skill level 17 in Spellcasting
 35653 | Elf:3    | Noticed a deep elf master archer
 35658 | Elf:3    | Killed a deep elf master archer
 35847 | Elf:3    | Noticed a deep elf master archer
 35847 | Elf:3    | Noticed a deep elf blademaster
 35872 | Elf:3    | Killed a deep elf blademaster
 36131 | Elf:3    | Identified the +5 sling of Internal Strife {flame, rN+}
 36134 | Elf:3    | Identified the ring "Egerche Worei" {rPois Str+6}
 36240 | Elf:3    | Killed a deep elf master archer
 36383 | Elf:3    | Identified the +1 sling "Coschocwi" {heavy, rCorr Int+2
                  | SInv}
 36747 | Elf:2    | Reached skill level 18 in Spellcasting
 37151 | Elf:2    | Noticed a deep elf blademaster
 37166 | Elf:2    | Killed a deep elf blademaster
 37568 | Spider:1 | Entered Level 1 of the Spider Nest
 37693 | Spider:1 | Reached XP level 19. HP: 143/143 MP: 0/0
 37693 | Spider:1 | Learned a level 7 spell: Spellforged Servitor
 38150 | Spider:1 | Reached skill level 19 in Spellcasting
 38906 | Spider:2 | Identified the +6 hand axe "Deygem" {venom, Str+3}
 38924 | Spider:2 | Identified the +7 flail of True Grit {elec, MP+9 Str+4}
 39600 | Spider:3 | Found a runed translucent gate.
 39600 | Spider:3 | Found a runed translucent gate.
 39600 | Spider:3 | Found a runed translucent gate.
 39600 | Spider:3 | Noticed Roypn's ghost (adept AtBe)
 39601 | Spider:3 | Noticed Gifaivo's ghost (journeyman DECj)
 39601 | Spider:3 | Noticed Likim's ghost (adept KoMo)
 39602 | Spider:3 | Noticed KennySheep's ghost (journeyman MeWn)
 39602 | Spider:3 | Noticed Pesouf's ghost (adept MfHs)
 40112 | Spider:4 | Entered Level 4 of the Spider Nest
 41040 | Elf:3    | Bought a scroll of acquirement for 780 gold pieces
 41040 | Elf:3    | Acquired the +6 tower shield of the Gastropod {rN++}
 41055 | Elf:3    | Bought a scroll of summoning for 142 gold pieces
 41360 | Swamp:1  | Entered Level 1 of the Swamp
 41380 | Swamp:1  | Noticed Donald
 41402 | Swamp:1  | Reached skill level 20 in Spellcasting
 41404 | Swamp:1  | Killed Donald
 41666 | Swamp:1  | Reached skill level 5 in Dodging
 42074 | Swamp:2  | Reached XP level 20. HP: 123/149 MP: 0/0
 42640 | Swamp:3  | Noticed Bai Suzhen
 42951 | Swamp:3  | Killed Bai Suzhen
 43183 | Swamp:3  | Identified the +1 leather armour of the World {Dex+5}
 43216 | Swamp:3  | Found a runed translucent door.
 43219 | Swamp:3  | Noticed tkbsonic5's ghost (adept HOMo)
 43247 | Swamp:3  | Killed tkbsonic5's ghost
 43284 | Swamp:4  | Entered Level 4 of the Swamp
 43375 | Swamp:4  | Reached skill level 10 in Dodging
 43732 | Swamp:4  | Identified the +7 long sword of Egooshyf {drain, rF- Str+7}
 43859 | Swamp:4  | Noticed a tentacled monstrosity
 43865 | Swamp:4  | Killed a tentacled monstrosity
 43912 | Swamp:4  | Found a transporter.
 43915 | Swamp:4  | Noticed whiskeysaurus's ghost (journeyman DrCj)
 43933 | Swamp:4  | Found a transporter.
 44058 | Swamp:4  | Got a decaying rune of Zot
 44524 | Swamp:4  | Killed whiskeysaurus's ghost
 44561 | Swamp:4  | Identified the ring "Sine" {Wiz rC- Str+4}
 44564 | Swamp:4  | Identified the +1 helmet of Elaow {Str+3}
 44855 | Spider:4 | Noticed Nikola
 44968 | Spider:4 | Killed Nikola
 45189 | Spider:4 | Reached XP level 21. HP: 101/157 MP: 0/0
 45189 | Spider:4 | Learned a level 7 spell: Enfeeble
 45292 | Spider:4 | Got a gossamer rune of Zot
 45736 | Vaults:1 | Entered Level 1 of the Vaults
 46135 | Vaults:1 | Found a portal to a secret trove of treasure.
 46271 | Vaults:1 | Found Raoff's General Store.
 46279 | Vaults:1 | Bought a scroll of fog for 68 gold pieces
 46726 | Vaults:1 | Reached skill level 15 in Armour
 47610 | Vaults:2 | Identified the ring "Muceakuh" {MP+9 Dex+5}
 47834 | Vaults:2 | Reached XP level 22. HP: 128/169 MP: 0/0
 48047 | Vaults:2 | Found a staircase to the Crypt.
 48841 | Vaults:3 | Lost mutation: You sometimes lose your temper in combat.
                  | [potion of mutation]
 48841 | Vaults:3 | Gained mutation: You are agile. (Dex +4, Str/Int -1)
                  | [potion of mutation]
 48841 | Vaults:3 | Gained mutation: You are very agile. (Dex +8, Str/Int -2)
                  | [potion of mutation]
 48841 | Vaults:3 | Gained mutation: You have a pair of small horns on your
                  | head. [potion of mutation]
 49820 | Vaults:3 | Noticed Frederick
 49869 | Vaults:3 | Killed Frederick
 50702 | Vaults:4 | Reached XP level 23. HP: 168/178 MP: 0/0
 50702 | Vaults:4 | Learned a level 7 spell: Dragon Form
 51569 | Vaults:4 | Reached skill level 21 in Spellcasting
 51786 | Crypt:1  | Entered Level 1 of the Crypt
 51787 | Crypt:1  | You are sucked into a shaft and drop 1 floor!
 51797 | Crypt:2  | Reached skill level 1 in Invocations
 51797 | Crypt:2  | Reached skill level 1 in Evocations
 51908 | Crypt:2  | Found a magical portal.
 51921 | WizLab   | Entered Yara's Duelist Academy
 52329 | WizLab   | Noticed Udyapt
 52337 | WizLab   | Killed Udyapt the Head Instructor
 52668 | Crypt:2  | Reached skill level 5 in Invocations
 52668 | Crypt:2  | Reached skill level 5 in Evocations
 52764 | Crypt:2  | Found a runed translucent gate.
 52764 | Crypt:2  | Found a runed translucent gate.
 52765 | Crypt:2  | Found a runed translucent gate.
 52765 | Crypt:2  | Noticed Zievuyg's ghost (adept MiFi)
 52765 | Crypt:2  | Found the +7 lajatang of Order {silver, rMut}
 52766 | Crypt:2  | Noticed Zievuyg's ghost (adept MiFi)
 52766 | Crypt:2  | Noticed an ancient lich
 52766 | Crypt:2  | Noticed an ancient lich
 52829 | Crypt:2  | Reached skill level 1 in Long Blades
 53487 | Crypt:1  | Acquired a manual of Invocations
 54371 | Slime:1  | Entered Level 1 of the Pits of Slime
 54609 | Slime:3  | Reached XP level 24. HP: 169/184 MP: 0/0
 54622 | Slime:3  | Lost mutation: You are very agile. (Dex +8, Str/Int -2) [a
                  | shining eye]
 54887 | Slime:5  | Entered Level 5 of the Pits of Slime
 54918 | Slime:5  | Reached skill level 5 in Long Blades
 55034 | Slime:4  | Lost mutation: You are agile. (Dex +4, Str/Int -1) [a
                  | shining eye]
 55037 | Slime:4  | Gained mutation: You are clumsy. (Dex -2) [a shining eye]
 55040 | Slime:4  | Gained mutation: Armour fits poorly on your strangely
                  | shaped body. [a shining eye]
 55469 | Slime:5  | Reached skill level 10 in Invocations
 55776 | Slime:5  | Found a viscous altar of Jiyva.
 56072 | Slime:5  | Found the +1 robe of Vines {NoPotionHeal Regen++++}
 56211 | Slime:5  | Noticed the Royal Jelly
 56262 | Slime:5  | Killed the Royal Jelly
 56743 | Slime:5  | Identified the amulet of Youthful Indiscretion {Acrobat
                  | rElec rN+++ Dex-2 SInv}
 56747 | Slime:5  | Identified the +9 quarterstaff of Kaur Ceizeke {protect,
                  | rC+ rN+ rCorr}
 56771 | Slime:5  | Got a slimy rune of Zot
 56806 | Slime:5  | Identified the amulet of Balance {Acrobat rPois Int+3}
 56819 | Slime:5  | Identified the +2 spear of Verasof {speed, Dex+2}
 56829 | Slime:5  | Identified the +5 ring mail of the Poles {-Cast rElec Dex+8
                  | Stlth+}
 56868 | Slime:5  | Acquired the +9 sword of Zonguldrok {reap}
 56868 | Slime:5  | Found the +9 sword of Zonguldrok {reap}
 56888 | Slime:5  | Identified the +4 spear of Abuse {protect, rF+ rC- rN+
                  | Str+3}
 57390 | Depths:1 | Entered Level 1 of the Depths
 58532 | Depths:1 | Found a gateway to Hell.
 58940 | Depths:2 | You are sucked into a shaft and drop 1 floor!
 59009 | Depths:4 | Entered Level 4 of the Depths
 59009 | Depths:4 | Noticed Sojobo
 59009 | Depths:4 | Found a one-way gate to the infinite horrors of the Abyss.
 59079 | Depths:3 | Noticed a golden dragon
 59099 | Depths:3 | Killed a golden dragon
 59127 | Depths:3 | Found a corrupted altar of Lugonu.
 59205 | Depths:3 | Reached XP level 25. HP: 111/190 MP: 0/0
 59205 | Depths:3 | Learned a level 8 spell: Maxwell's Capacitive Coupling
 59288 | Depths:3 | Found a one-way gateway to a ziggurat.
 59451 | Depths:3 | Found a runed translucent door.
 59509 | Depths:3 | Found a blossoming altar of Fedhas.
 59584 | Depths:2 | Reached skill level 10 in Long Blades
 60479 | Orc:2    | Bought a scroll of teleportation for 45 gold pieces
 60479 | Orc:2    | Bought a scroll of teleportation for 45 gold pieces
 60479 | Orc:2    | Bought 3 scrolls of enchant armour for 337 gold pieces
 60479 | Orc:2    | Bought 3 scrolls of summoning for 427 gold pieces
 60479 | Orc:2    | Bought a scroll of blinking for 112 gold pieces
 61342 | Depths:2 | Found Gurygor's Magic Scroll Shoppe.
 61355 | Depths:2 | Bought a scroll of summoning for 161 gold pieces
 61355 | Depths:2 | Bought a scroll of vulnerability for 68 gold pieces
 61355 | Depths:2 | Bought a scroll of magic mapping for 127 gold pieces
 61355 | Depths:2 | Bought a scroll of silence for 161 gold pieces
 62291 | Crypt:2  | Killed an ancient lich
 62409 | Crypt:2  | Killed Zievuyg's ghost
 62624 | Crypt:2  | Killed Zievuyg's ghost
 62706 | Crypt:2  | Identified the ring "Efe Uty" {rElec Str+6 Dex+2}
 62712 | Crypt:2  | Identified the +1 pair of boots of Asatywa {rC++ Will+}
 62823 | Crypt:2  | Killed an ancient lich
 63401 | Crypt:3  | Entered Level 3 of the Crypt
 64162 | Crypt:3  | Found a staircase to the Tomb.
 64504 | Crypt:3  | Found a hide-covered altar of Uskayaw.
 65109 | Crypt:3  | Identified the ring of Cynicism {rC++ rN+ Str+3 Stlth-}
 65116 | Crypt:3  | Noticed a curse toe
 65337 | Crypt:3  | Found a basalt altar of Yredelemnul.
 65337 | Crypt:3  | Identified the ring "Leboysit" {rN+ Slay+3}
 65358 | Crypt:3  | Killed a curse toe
 65389 | Crypt:3  | Identified the ring of Xom's Sleight of Hands {Wiz rCorr
                  | Str-5 Stlth+}
 65485 | Tomb:1   | Entered Level 1 of the Tomb of the Ancients
 65748 | Tomb:1   | Reached XP level 26. HP: 192/197 MP: 0/0
 66103 | Tomb:1   | Identified the +6 great sword of Iheen Jou {drain, Will+
                  | Dex+2 Stlth+}
 66421 | Tomb:1   | Noticed a royal mummy
 66433 | Tomb:1   | Killed a royal mummy
 66623 | Tomb:1   | Reached skill level 15 in Long Blades
 67307 | Vaults:5 | Entered Level 5 of the Vaults
 67506 | Vaults:5 | Identified the +4 morningstar of Oruzaan {heavy, rPois
                  | Str-2 Int+3 Dex+5}
 67701 | Vaults:5 | Reached skill level 15 in Invocations
 67739 | Vaults:5 | Identified the amulet "Pic Too" {Reflect rC++ Int+3 SH+5}
 67917 | Vaults:5 | Identified the ring "Xeapropt" {+Blink rElec Slay+4}
 67937 | Vaults:5 | Noticed a dread lich
 67945 | Vaults:5 | Killed a dread lich
 68190 | Vaults:5 | Identified the +4 chain mail "Fesaref" {Rampage rC++ rCorr}
 68217 | Vaults:5 | Noticed an ancient lich
 68231 | Vaults:5 | Killed an ancient lich
 68259 | Vaults:5 | Reached XP level 27. HP: 157/203 MP: 0/0
 68259 | Vaults:5 | Learned a level 9 spell: Death's Door
 68375 | Vaults:5 | Identified the ring "Epuelisk" {Fire Str+5 Int+4 Dex+3}
 68859 | Vaults:5 | Got a silver rune of Zot
 69915 | Depths:3 | Noticed a juggernaut
 69938 | Depths:3 | Killed a juggernaut
 70413 | Depths:3 | Found Big Baal Hell's Store.
 71042 | Depths:4 | Killed Sojobo
 71069 | Depths:4 | Noticed a juggernaut
 71076 | Depths:4 | Killed a juggernaut
 72169 | Depths:4 | Found a gate to the Realm of Zot.
 72806 | Zot:1    | Entered Level 1 of the Realm of Zot
 75160 | Zot:2    | Reached skill level 22 in Spellcasting
 75575 | Zot:2    | Noticed an orb of fire
 77248 | Zot:3    | Killed from afar by a black draconian knight

Illustrated notes

Levels and vault maps discovered:
D:1:      nicolae_arrival_somewhat_less_tricky_arrival, layout_basic
D:2:      layout_basic, kennysheep_pointless_box, uniq_robin, uniq_sigmund,
          uniq_jessica
D:3:      layout_basic, slow_altar_1, minmay_puff
D:4:      minmay_octagon_keep, layout_basic, mainiacjoe_overflow_tiny_flanked,
          mainiacjoe_overflow_small_starburst, serial_shops,
          nicolae_diamond_shop
D:5:      layout_loops_ring, serial_demonic, serial_demonic_b, serial_demonic_d,
          serial_demonic_f, serial_demonic_a
D:6:      layout_rooms, nicolae_gozag_cash_rules_everything_around_me
D:7:      layout_loops_ring, minmay_temple_entry_trees, uniq_pikel, uniq_maggie,
          uniq_joseph
D:8:      kennysheep_town, uniq_maurice, uniq_grum
D:9:      layout_basic, mainiacjoe_overflow_catwalk, david_orc_5
D:10:     layout_basic, marbit_many_paths, david_lair_generic, st_stairs_5,
          minmay_misc_feat_pillars
D:11:     layout_irregular_city
D:12:     layout_cave_pools, gammafunk_ghost_grave
D:13:     layout_cave_pods, david_vaults_5, serial_park, serial_park_avenue1,
          serial_park_tiny_pond, serial_park_tiny_pond, serial_park_avenue1,
          serial_park_tiny_2, serial_shops, statue_bzr, shop, shop
D:14:     layout_basic, serial_park_paths [serial_park_minivault_5x5_1],
          uniq_azrael
D:15:     hangedman_depths_entry_try_elsewhere_first, layout_cave_pools,
          serial_column_ruins, column_ruins_hut, column_ruins_open_tiny,
          column_ruins_open_tiny, column_ruins_corridor_dead_end,
          column_ruins_grid_1, column_ruins_columns_dead_end,
          nrook_pool_corridor
Temple:   eino_temple_rhombus
Lair:1:   layout_layer_cave, nicolae_quartered_pool_medium, serial_bayou_pond_d,
          guppyfry_lair_drakes, infiniplex_staircase_pool, lemuel_fruit_fields,
          serial_bayou_shore_b, uniq_urug
Lair:2:   layout_gridlike, nicolae_spider_entry_tight_spaces,
          portal_ice_cave_entry_ice_simulacra, uniq_erica, uniq_gastronok
Lair:3:   lemuel_ratsnest, layout_gridlike, minmay_swamp_entry_worms
Lair:4:   layout_loops_ring, evilmike_ambush [evilmike_ambush_outer_corners,
          evilmike_ambush_inner_basic]
Lair:5:   evilmike_catoblepas_cave, layout_concentric_octagons, slime_entry_1,
          special_room [special_room_bee]
Swamp:1:  layout_falls_marsh, evilmike_swamp_ruin_house_1, uniq_donald
Swamp:2:  layout_basic_swamp, nicolae_swamp_ascending_descending_big
Swamp:3:  layout_falls_marsh, ebering_ghost_reflecting_pool,
          nicolae_swamp_big_swirl, uniq_bai_suzhen
Swamp:4:  swamp_fiery, layout_basic_swamp, gammafunk_ghost_berserking_beasts
Spider:1: layout_spider_delve, spiders_nest_hornet_nest,
          hangedman_spider_tarantella_strand
Spider:2: nicolae_spider_mines_3
Spider:3: layout_cave_pods, gammafunk_ghost_cemetery
Spider:4: spider_rune_water, uniq_nikola
Slime:1:  layout_caves, cheibrodos_slime_lost_civilization_6
Slime:2:  layout_caves
Slime:3:  layout_caves
Slime:4:  layout_caves
Slime:5
Orc:1:    layout_caves, gammafunk_ghost_split, uniq_josephine
Orc:2:    pf_orc_diabolical, layout_diamond_mine, basic_altar,
          ebering_ghost_rock_garden, uniq_rupert
Elf:1:    minmay_elf_arrival_circle, layout_rooms, minivault_28,
          minmay_curled_crystal, uniq_agnes
Elf:2:    elven_hall_of_blades_hangedman_original
          [nicolae_blade_entry_pointy_end], layout_onion_city
Elf:3:    nooodl_elf_gasket, layout_geoelf_grid, serial_shops,
          nicolae_shop_crystal, minmay_shoptagon
Vaults:1: ontoclasm_vaults_bender, nicolae_vaults_network_star,
          vaults_room_pool, vaults_mumra_bighexcomb,
          vaults_standard_mumra_enter_the_diamond, nicolae_vaults_shelves_hall,
          hangedman_vaults_nails, nicolae_vaults_alarming,
          dpeg_vaults_monster_box, vaults_room_corners,
          layout_vaults_chaotic_city, enter_trove_1, serial_shops,
          nicolae_shop_statue_plus
Vaults:2: nicolae_vaults_shelves_hall, ontoclasm_vaults_ring_large,
          minmay_crypt_entry_simple_round, nicolae_vaults_angled_halls,
          v_misc_32, v_misc_17, vaults_room_semicircle, vaults_mumra_chevron,
          ontoclasm_vaults_decontamination, st_diamondy, v_misc_28,
          nicolae_vaults_little_squares_2, grunt_vaults_twisty,
          vaults_room_pools, vaults_room_stairs_pillars, layout_vaults_maze
Vaults:3: hangedman_vaults_capsules, v_alt_pattern_6, v_misc_23, v_misc_16,
          v_misc_24, nicolae_vaults_big_ls, vaults_room_grid,
          nicolae_vaults_gold_heap, vaults_mumra_lcd, vaults_mumra_hexcomb,
          ontoclasm_vaults_chip, layout_vaults_quadrants, uniq_frederick
Vaults:4: hangedman_vaults_stagger, nicolae_vaults_sealed_display, v_misc_8,
          hangedman_vaults_maws, v_misc_13, grunt_vaults_trifunnel,
          nicolae_vaults_network_periphery, v_misc_11,
          nicolae_vaults_little_squares_2, nicolae_vaults_big_angled_halls,
          ontoclasm_vaults_gallery, ontoclasm_vaults_idyll,
          ontoclasm_vaults_fault, layout_vaults_omnibox
Vaults:5
Crypt:1:  layout_chaotic_city
Crypt:2:  layout_gridlike, mu_enter_wizlab_3, gammafunk_ghost_crypt
Crypt:3:  lightli_unholy_cathedral, layout_chaotic_city, nicolae_danse_macabre
Tomb:1
Depths:1: layout_roguey, chequers_serial_rivers_small_a,
          grunt_hell_entry_dis_grunt, rand_demon_pan_entry_5,
          hangedman_decor_peaks_small, lemuel_old_faithful, serial_bayou_shore_b
Depths:2: minmay_mutant_horseshoe, layout_gridville, minmay_misc_feat_tower,
          rand_demon_pan_entry_9, hell_entry, serial_shops,
          nicolae_shop_statue_plus, roderic_lattice_octagonal_star
Depths:3: minmay_the_grid_triangle_9x9_rhombus_full_mashed
          [minmay_the_grid_triangle_9x9_descending_squares,
          minmay_the_grid_triangle_9x9_sprig,
          minmay_the_grid_triangle_9x9_shrine,
          minmay_the_grid_triangle_9x9_dagger,
          minmay_the_grid_triangle_9x9_swiss_cheese,
          minmay_the_grid_triangle_9x9_subtriangle,
          minmay_the_grid_triangle_9x9_steps,
          minmay_the_grid_triangle_9x9_prize_top_heavy], layout_cave_shapes,
          enter_ziggurat_d, nicolae_hell_entry_big_baal_hell,
          abyss_entry_flame_altar, minmay_tree_intersection
Depths:4: evilmike_zot_entry_gauntlet, layout_gridlike, abyss_entry, hell_entry,
          hangedman_abyss_or_decor_stagger, uniq_sojobo
Zot:1:    layout_gridlike
Zot:2:    layout_twisted_circle, nzn_random_ring
Zot:3:    layout_concentric_octagons, guppyfry_library_mini

Skill      XL: |  1  2  3  4  5  6  7  8  9 10 11 12 13 14 15 16 17 18 19 20 21 22 23 24 25 26 27 |
---------------+----------------------------------------------------------------------------------+-----
Spellcasting   | 3 4 5 6 8 9 10 12 14 16 18 20 21 22 | 22.6
Fighting       | 1 2 5 7 9 10 11 13 15 16 18 19 20 | 20.0
Shields        | 3 5 7 9 11 13 15 16 | 16.0
Armour         | 6 7 8 9 12 13 15 16 17 18 19 | 19.0
Dodging        | 6 10 11 12 | 12.0
Invocations    | 7 14 15 16 | 16.0
Evocations     | 6 |  6.0
Long Blades    | 3 9 14 15 16 | 16.0
Stealth        | |  1.5

Action                     |  1- 3 |  4- 6 |  7- 9 | 10-12 | 13-15 | 16-18 | 19-21 | 22-24 | 25-27 || total
---------------------------+-------+-------+-------+-------+-------+-------+-------+-------+-------++-------
  Melee: Unarmed           |     2 |     5 |       |       |       |       |       |       |       ||     7
         Long sword        |       |     5 |    13 |    72 |   127 |   107 |   455 |   228 |       ||  1007
         Falchion          |       |       |    64 |     1 |       |       |       |       |       ||    65
         Headbutt          |       |       |       |       |       |       |       |   229 |   442 ||   671
         Demon blade       |       |       |       |       |       |       |       |   252 |   774 ||  1026
         Double sword      |       |       |       |       |       |       |       |   118 |   375 ||   493
   Cast: Foxfire           |    58 |    93 |   206 |   437 |   534 |   376 |   233 |    10 |    11 ||  1958
         Scorch            |     2 |     7 |    20 |   104 |   192 |   332 |   104 |    44 |    59 ||   864
         Kindle Blastspark |       |     2 |       |     1 |     6 |       |       |       |       ||     9
         Flame Wave        |       |       |     4 |    11 |    37 |     9 |     2 |       |       ||    63
         Searing Ray       |       |       |     2 |       |    15 |     4 |    20 |     4 |     4 ||    49
         Inner Flame       |       |       |     3 |    13 |    43 |     2 |    12 |     4 |     3 ||    80
         Passage of Golubr |       |       |       |     1 |     8 |     9 |     4 |    17 |    32 ||    71
         Sticky Flame      |       |       |       |     2 |    92 |   106 |   101 |    57 |    57 ||   415
         Agony             |       |       |       |       |     2 |     2 |     1 |       |     1 ||     6
         Lesser Beckoning  |       |       |       |       |     3 |     1 |     3 |    12 |    63 ||    82
         Apportation       |       |       |       |       |       |     1 |       |       |       ||     1
         Starburst         |       |       |       |       |       |    12 |    36 |    37 |    99 ||   184
         Summon Hydra      |       |       |       |       |       |    48 |   215 |   283 |   224 ||   770
         Spellforged Servi |       |       |       |       |       |       |    22 |    19 |     7 ||    48
         Enfeeble          |       |       |       |       |       |       |     4 |     6 |    14 ||    24
         Maxwell's Capacit |       |       |       |       |       |       |       |       |    10 ||    10
 Invoke: Major Destruction |       |       |       |       |       |       |       |     2 |       ||     2
  Evoke: Wand              |       |       |       |       |     8 |       |     1 |     7 |     4 ||    20
         Tin of tremorston |       |       |       |       |     4 |       |       |       |     1 ||     5
         Phial of floods   |       |       |       |       |       |     1 |     1 |     1 |     1 ||     4
         Condenser vane    |       |       |       |       |       |     1 |     1 |     4 |     1 ||     7
         Phantom mirror    |       |       |       |       |       |       |       |     1 |     1 ||     2
    Use: Scroll            |       |       |    10 |     8 |    15 |     9 |     4 |    17 |    16 ||    79
         Potion            |       |       |       |       |     2 |     5 |     3 |     6 |    13 ||    29
   Stab: Sleeping          |       |     1 |       |       |       |     3 |     2 |       |       ||     6
         Distracted        |       |       |       |       |       |     2 |    10 |    14 |    30 ||    56
         Invisible         |       |       |       |       |       |       |       |       |     6 ||     6
 Armour: Robe              |     5 |     7 |    43 |       |    10 |     2 |       |     2 |       ||    69
         Steam dragon scal |       |       |     6 |    15 |       |       |       |       |       ||    21
         Troll leather arm |       |       |       |    26 |     7 |    83 |   131 |       |       ||   247
         Ice dragon scales |       |       |       |       |    84 |       |   264 |   273 |     2 ||   623
         Fire dragon scale |       |       |       |       |       |       |       |       |   428 ||   428
         Skin              |       |       |       |       |       |       |       |       |    11 ||    11
  Dodge: Dodged            |     8 |    13 |    62 |    63 |    60 |    68 |   254 |   270 |   348 ||  1146
  Block: Kite shield       |       |       |    15 |    79 |       |       |       |       |       ||    94
         Tower shield      |       |       |       |     7 |   370 |   458 |  1266 |  1069 |  1518 ||  4688
         Reflection        |       |       |       |       |    16 |    77 |       |       |     3 ||    96

Table legend: (Time is in decaauts)
 A = Elapsed time spent in this place.
 B = Non-inter-level travel time spent in this place.
 C = Inter-level travel time spent in this place.
 D = Time resting spent in this place.
 E = Time spent auto-exploring this place.
 F = Levels seen in this place.
 G = Mean time per level.
                   A        B        C        D        E       F      G
               +--------+--------+--------+--------+--------+-----+--------+
         Total |  78139 |  70899 |   7240 |  11865 |  42461 |  58 | 1347.2 |
       Dungeon |  20190 |  17487 |   2703 |   1496 |  12432 |  15 | 1346.0 |
        Temple |    282 |    268 |     14 |      0 |    255 |   1 |  282.0 |
          Lair |   8055 |   7020 |   1035 |    989 |   4852 |   5 | 1611.0 |
         Swamp |   3476 |   3188 |    288 |    286 |   1974 |   4 |  869.0 |
   Spider Nest |   4376 |   3831 |    545 |    558 |   2111 |   4 | 1094.0 |
    Slime Pits |   2780 |   2726 |     54 |    864 |    994 |   5 |  556.0 |
  Orcish Mines |   5086 |   4626 |    460 |   1121 |   2649 |   2 | 2543.0 |
   Elven Halls |   5899 |   5443 |    456 |   1817 |   2148 |   3 | 1966.3 |
        Vaults |   8646 |   8002 |    644 |    399 |   5658 |   5 | 1729.2 |
         Crypt |   5123 |   4714 |    409 |    858 |   2594 |   3 | 1707.7 |
          Tomb |   1560 |   1467 |     93 |    370 |    484 |   1 | 1560.0 |
        Depths |   6798 |   6364 |    434 |   1350 |   3665 |   4 | 1699.5 |
           Zot |   4444 |   4342 |    102 |   1393 |   2274 |   3 | 1481.3 |
        Bazaar |    159 |    159 |      0 |      0 |     83 |   1 |  159.0 |
      Ice Cave |    674 |    674 |      0 |    219 |     52 |   1 |  674.0 |
        Wizlab |    583 |    583 |      0 |    141 |    235 |   1 |  583.0 |
               +--------+--------+--------+--------+--------+-----+--------+

Top non-repeatable levels by time:
   Orc:2: 4103 daAuts
   Elf:3: 3229 daAuts
     D:8: 2799 daAuts
   Zot:2: 2513 daAuts
 Crypt:2: 2369 daAuts
     D:7: 2327 daAuts
  Lair:2: 2311 daAuts
Vaults:3: 2043 daAuts
  Lair:5: 2010 daAuts
     D:9: 1979 daAuts
Depths:2: 1921 daAuts
Depths:4: 1871 daAuts
Vaults:1: 1848 daAuts
 Crypt:3: 1830 daAuts
Vaults:5: 1825 daAuts
